 Dungeon Crawl Stone Soup version 0.23-b1-59-g586d0d887c (webtiles) character file.

Game seed: 14443157936660931045

64 McKennaii the Ruffian (level 3, 0/28 HPs)
             Began as a Draconian Transmuter on Feb 4, 2019.
             Slain by a frilled lizard (2 damage)
             ... on level 2 of the Dungeon.
             The game lasted 00:02:54 (1234 turns).

McKennaii the Ruffian (Draconian Transmuter)        Turns: 1234, Time: 00:02:55

Health: 0/28       AC:  5    Str: 12    XL:     3   Next: 91%
Magic:  15/15      EV: 13    Int: 14    God:
Gold:   69         SH:  0    Dex: 13    Spells: 3/6 levels left

rFire    . . .     SeeInvis .     - Unarmed
rCold    . . .     Gourm    .   (no shield)
rNeg     . . .     Faith    .   (armour unavailable)
rPois    .         Spirit   .   (helmet restricted)
rElec    .         Reflect  .   (no cloak)
rCorr    .         Harm     .   (no gloves)
MR       +....                  (no boots)
Stlth    +.........             (no amulet)
HPRegen  0.09/turn              b - ring of magical power
MPRegen  0.14/turn              (no ring)

@: lethally poisoned (0 -> -2), hasted, very quick
A: unfitting armour, talons 1, agile 1, magic resistance 1, cold-blooded, AC +5
a: no special abilities


You were on level 2 of the Dungeon.
You were not hungry.

You visited 1 branch of the dungeon, and saw 2 of its levels.

You collected 69 gold pieces.

Inventory:

Missiles
 a - 46 arrows
Jewellery
 b - a ring of magical power (left hand)
Scrolls
 d - 5 scrolls of identify {unknown}
 g - 3 scrolls of teleportation {unknown}
 h - a scroll of enchant armour {unknown}
Potions
 f - a potion of mutation
Comestibles
 c - 4 rations


   Skills:
 + Level 1.2 Fighting
 + Level 2.4 Dodging
 + Level 0.1 Stealth
 + Level 4.1 Unarmed Combat
 + Level 2.2 Spellcasting
 * Level 2.1 Transmutations


You had 3 spell levels left.
You knew the following spells:

 Your Spells              Type           Power        Failure   Level  Hunger
a - Beastly Appendage     Tmut           #.....       10%         1    #......
b - Sticks to Snakes      Tmut           #.......     14%         2    ###....

Your spell library contained the following spells:

 Spells                   Type           Power        Failure   Level  Hunger
 Spider Form              Tmut/Pois      #.........   41%         3    ###....
 Ice Form                 Ice/Tmut       #.......     83%         4    #####..
 Blade Hands              Tmut           #.........   95%         5    ######.


Dungeon Overview and Level Annotations

Branches:
Dungeon (2/15)

Altars:


Innate Abilities, Weirdness & Mutations

Your plain brown scales are hard. (AC +5)
You cannot fit into any form of body armour.
You are cold-blooded and may be slowed by cold attacks.
You have sharp toenails.
You are agile. (Dex +2)
You are resistant to hostile enchantments. (MR+)


Message History

A bat comes into view.
An adder comes into view.
The adder hisses angrily.
* * * LOW HITPOINT WARNING * * *
You feel sick. The bat closely misses you. x2
The bat misses you. The adder misses you.
The adder bites you but does no damage. The bat hits you but does no damage.
The adder misses you.
You hit the adder.
You kill the adder!
* * * LOW HITPOINT WARNING * * *
You feel sick. The bat closely misses you. The adder misses you.
Unknown command.
You miss the bat. You claw the bat.
You kill the bat!
The adder closely misses you.
Unknown command.
The frilled lizard bites you.
You die...

....#...)...#
....#.#####.#
...##.##....#
...##.#...#.#
#####..†....##### #
#......<..... #
##..........# #
##....####.######
#########..####.@....#
..............#l.S...#
.......>#..##........#
.......##).............#
#######
#.######.....#... # #.#
####.## .. # ... #.# # #
.### #.# # . #.


You could see an adder and a frilled lizard.

Vanquished Creatures
  2 adders (D:2)
  A dart slug (D:1)
  4 leopard geckos
  A ball python (D:2)
  5 bats
  4 giant cockroaches
  4 goblins
  5 hobgoblins
  2 jackals (D:1)
  A kobold (D:1)
  3 frilled lizards
  5 rats
37 creatures vanquished.

Vanquished Creatures (collateral kills)
  A frilled lizard (D:2)
1 creature vanquished.

Grand Total: 38 creatures vanquished

Notes
Turn   | Place    | Note
-------+----------+-------------------------------------------
     0 | D:1      | McKennaii the Draconian Transmuter began the quest for the
                  | Orb.
     0 | D:1      | Reached XP level 1. HP: 16/16 MP: 3/3
     2 | D:1      | Noticed a spriggan
     4 | D:1      | Noticed a formicid
     4 | D:1      | Noticed a gargoyle
     6 | D:1      | Noticed a merfolk
     8 | D:1      | Noticed a tengu
    10 | D:1      | Noticed a dwarf
    10 | D:1      | Noticed a vampire
    13 | D:1      | Noticed an elf
    13 | D:1      | Noticed an ogre
    15 | D:1      | Noticed a naga
    15 | D:1      | Noticed a felid
    17 | D:1      | Noticed a demigod
    17 | D:1      | Noticed a demonspawn
    19 | D:1      | Noticed a ghoul
    19 | D:1      | Noticed a minotaur
    21 | D:1      | Noticed a vine stalker
    21 | D:1      | Noticed a human
    23 | D:1      | Noticed a centaur
    23 | D:1      | Noticed an octopode
    25 | D:1      | Noticed a draconian
    27 | D:1      | Noticed a troll
    27 | D:1      | Noticed a halfling
   285 | D:1      | Reached XP level 2. HP: 21/23 MP: 5/5
   879 | D:2      | Learned a level 2 spell: Sticks to Snakes
   887 | D:2      | Reached XP level 3. HP: 19/28 MP: 6/6
  1157 | D:2      | Reached skill level 4 in Unarmed Combat
  1223 | D:2      | Gained mutation: You are resistant to hostile enchantments.
                  | (MR+) [potion of mutation]
  1223 | D:2      | Gained mutation: You are agile. (Dex +2) [potion of
                  | mutation]
  1223 | D:2      | Gained mutation: You have sharp toenails. [potion of
                  | mutation]
  1234 | D:2      | Slain by a frilled lizard

Skill      XL: |  1  2  3 |
---------------+----------+-----
Dodging        | 2 |  2.4
Unarmed Combat | 4 |  4.1
Fighting       | |  1.2
Stealth        | |  0.1
Spellcasting   | |  2.2
Transmutations | |  2.1

Action                   || total
-------------------------++-------
Melee: Unarmed           ||   140
       Tailslap          ||    15
       Punch             ||     1
       Kick              ||     2
       Headbutt          ||     1
 Cast: Sticks to Snakes  ||     3
       Beastly Appendage ||     4
  Use: Potion            ||     2
  Eat: Chunk             ||     1
Armor: Skin              ||    45
Dodge: Dodged            ||   110
